 Dungeon Crawl Stone Soup version 0.20.1-1-g8b1a95d (webtiles) character file.

343 Irenicus the Insei (level 6, 0/55 HPs)
             Began as a Deep Dwarf Monk on Oct 19, 2017.
             Shot with an arrow by a centaur (9 damage)
             ... on level 5 of the Dungeon.
             The game lasted 00:06:59 (2675 turns).

Irenicus the Insei (Deep Dwarf Monk)                Turns: 2675, Time: 00:07:00

Health: 0/55       AC:  5    Str: 14    XL:     6   Next: 31%
Magic:  6/6        EV: 13    Int: 11    God:
Gold:   201        SH:  5    Dex: 17    Spells: 5/5 levels left

rFire    . . .     SeeInvis .     - Unarmed
rCold    . . .     Gourm    .   y - +0 buckler
rNeg     . . .     Faith    .   j - +0 leather armour
rPois    .         Spirit   .   (no helmet)
rElec    .         Reflect  .   w - +0 cloak (curse)
rCorr    .         Harm     .   (no gloves)
MR       .....                  v - +0 pair of boots
Stlth    ++........             (no amulet)
Regen    0.0/turn               (no ring)
MPRegen  0.1/turn               (no ring)

@: non-regenerating
A: damage resistance, heal wounds, sense surroundings 1, no regeneration
a: Heal Wounds


You were on level 5 of the Dungeon.
You were not hungry.

You visited 1 branch of the dungeon, and saw 5 of its levels.

You collected 201 gold pieces.

Inventory:

Missiles
 t - 3 javelins of returning (quivered)
Armour
 a - a +0 robe
 j - a +0 leather armour (worn)
 v - a +0 pair of boots (worn)
 w - a cursed +0 cloak (worn)
 y - a +0 buckler (worn)
Wands
 l - a wand of digging (8/24)
 u - a wand of acid (9/15)
 x - a wand of flame (8/48)
Scrolls
 c - 4 scrolls of enchant weapon {unknown}
 d - 4 scrolls of identify {unknown}
 g - 2 scrolls of remove curse {unknown}
 h - a scroll of amnesia {unknown}
 i - a scroll of fear {unknown}
 o - a scroll of teleportation {unknown}
 q - a scroll of enchant armour {unknown}
 r - a scroll of magic mapping {unknown}
Potions
 e - 3 potions of agility
 k - a potion of haste
 p - 4 potions of curing {unknown}
 s - a potion of lignification {unknown}
 A - 2 potions of magic {unknown}
 B - a potion of might {unknown}
Comestibles
 b - 4 bread rations
 f - 3 royal jellies
 m - 7 fruits
 n - a meat ration


   Skills:
 - Level 2.6 Fighting
 - Level 3.2 Dodging
 - Level 2.4 Stealth
 + Level 2.2 Shields
 - Level 6.1 Unarmed Combat


You had 5 spell levels left.
You didn't know any spells.

Dungeon Overview and Level Annotations

Branches:
Dungeon (5/15)
 Temple: D:4-7

Altars:
Qazlal


Innate Abilities, Weirdness & Mutations

You are resistant to damage.
You can heal yourself by infusing magical energy.
You passively map a small area around you.
You do not regenerate.


Message History

You miss the leopard gecko. The leopard gecko barely misses you.
You block the leopard gecko's attack.
You hit the leopard gecko.
The leopard gecko is moderately wounded.
The leopard gecko bites you.
You miss the leopard gecko.
The leopard gecko is moderately wounded.
The leopard gecko misses you.
You punch the leopard gecko!
You kill the leopard gecko!
You hear a distant blaring wail to the west.
Found a stone staircase leading down.
There is a stone staircase leading down here.
A centaur comes into view.
The centaur shouts!
You hear an angry hiss.
The centaur wields a shortbow.
The centaur shoots an arrow.
The arrow hits you.
* * * LOW HITPOINT WARNING * * *
You see here an arrow.
The centaur shoots an arrow.
The arrow hits you!
You die...

≈, , ## #.# * #.# * , ,#### #.# ,
* ##..# #.# * , ##...#### #.#
..### * , ##.......###.#
.....###### ## ###..........#.#
..........# ...#....###.......###
........zz# #..#@(..# #.........#
......zzz.# #...#...#####..#....#
..........###.#......#.......####
...............c.....>.#####..#
.....<.....##.###....### ####
..........###. #......#
.#.......## #, #...##.#
#..####... , *#...##.# ##. #....
*########


You could see a centaur.

Vanquished Creatures
  The ghost of Irenicus the Ruffian, an amateur DDMo of Makhleb (D:3)
  An orc priest (D:3)
  A hound (D:4)
  An orc wizard (D:3)
  A worker ant (D:4)
  4 adders
  2 oozes (D:3)
  3 worms
  3 dart slugs
  3 leopard geckos
  5 orcs
  5 giant cockroaches
  A goblin (D:1)
  10 hobgoblins
  10 jackals
  3 quokkas
  6 bats
  5 frilled lizards
  A jackal skeleton (D:4)
  8 kobolds
  A leopard gecko skeleton (D:4)
  6 rats
81 creatures vanquished.

Notes
Turn   | Place    | Note
-------+----------+-------------------------------------------
     0 | D:1      | Irenicus the Deep Dwarf Monk began the quest for the Orb.
     0 | D:1      | Reached XP level 1. HP: 20/20 MP: 1/1
   233 | D:1      | Reached skill level 3 in Unarmed Combat
   303 | D:1      | Reached XP level 2. HP: 17/27 MP: 2/2
   898 | D:2      | Reached XP level 3. HP: 9/33 MP: 3/3
  1063 | D:2      | Reached skill level 4 in Unarmed Combat
  1344 | D:3      | Noticed Irenicus's ghost (amateur DDMo)
  1370 | D:3      | Killed Irenicus's ghost
  1370 | D:3      | Reached skill level 5 in Unarmed Combat
  1370 | D:3      | Reached XP level 4. HP: 29/40 MP: 4/4
  1370 | D:3      | Reached XP level 5. HP: 33/46 MP: 5/5
  1658 | D:3      | Reached skill level 6 in Unarmed Combat
  2091 | D:4      | Reached XP level 6. HP: 22/55 MP: 6/6
  2098 | D:4      | Reached skill level 1 in Shields
  2411 | D:4      | Found a stormy altar of Qazlal.
  2412 | D:4      | Noticed a fire elemental
  2412 | D:4      | Noticed an air elemental
  2412 | D:4      | Noticed a water elemental
  2588 | D:5      | Entered Level 5 of the Dungeon
  2675 | D:5      | Shot with an arrow by a centaur

Skill      XL: |  1  2  3  4  5  6 |
---------------+-------------------+-----
Unarmed Combat | 3 5 6 |  6.1
Shields        | 2 |  2.2
Fighting       | |  2.6
Dodging        | |  3.2
Stealth        | |  2.4

Action                   |  1- 3 |  4- 6 || total
-------------------------+-------+-------++-------
Melee: Unarmed           |   184 |   156 ||   340
       Punch             |     2 |     2 ||     4
 Abil: Heal Wounds       |     2 |       ||     2
  Use: Potion            |     2 |       ||     2
 Stab: Sleeping          |     6 |     7 ||    13
  Eat: Chunk             |     2 |     4 ||     6
Armor: Robe              |     7 |       ||     7
       Leather armour    |    14 |    21 ||    35
Dodge: Dodged            |    93 |    89 ||   182
Block: Buckler           |       |    14 ||    14
